[Event "ENCI Limburg-open A"]
[Site "Maastricht"]
[Date "2010.05.21"]
[Round "1"]
[White "Berg, Emanuel"]
[Black "Zult, Daan"]
[Result "1-0"]
[ECO "C92"]
[WhiteElo "2616"]
[BlackElo "2235"]
[PlyCount "125"]
[EventDate "2010.05.21"]
[EventType "swiss"]
[EventRounds "7"]
[EventCountry "NED"]
[Source "P.Boonen"]
[SourceDate "2010.10.01"]
[TimeControl "60+1"]
[BlackClock "0:04:00"]

1. e4 e5 2. Nf3 Nc6 3. Bb5 a6 4. Ba4 Nf6 5. O-O Be7 6. Re1 b5 7. Bb3 d6 8. c3
O-O 9. h3 Bb7 10. d3 Na5 11. Bc2 c5 12. Nbd2 Re8 13. Nf1 g6 14. Ng3 Bf8 15. d4
exd4 16. cxd4 cxd4 17. Bf4 Nc4 18. b3 Ne5 19. Nxd4 d5 20. Bxe5 Rxe5 21. f4 Re8
22. e5 Ne4 23. Kh2 Bc5 24. Bxe4 dxe4 25. Nc2 Qd3 26. Qe2 f5 27. exf6 Rad8 28.
Ne3 Bd4 29. Rad1 Qxe2 30. Rxe2 Bxf6 31. Ng4 Bh4 32. Rxd8 Bxd8 33. Nf2 e3 34.
Ng4 h5 35. Rxe3 Rxe3 36. Nxe3 Bc7 37. Ne2 g5 38. g3 h4 39. fxg5 Bf3 40. Nf4 b4
41. Nf5 Be4 42. Nxh4 Be5 43. Kg1 Bb1 44. Nf3 Bc3 45. Nd5 a5 46. Nxc3 bxc3 47.
Nd4 Bd3 48. Kf2 c2 49. Nxc2 Bxc2 50. Ke3 Kf7 51. Kd4 Kg6 52. h4 Kh5 53. Kc5 Kg4
54. Kb5 Bb1 55. a4 Bc2 56. Kxa5 Bxb3 57. Kb4 Bd5 58. Kc5 Be4 59. a5 Kxg3 60. h5
Kg4 61. g6 Kxh5 62. g7 Bh7 63. a6 1-0

[Event "ENCI Limburg-open A"]
[Site "Maastricht"]
[Date "2010.05.22"]
[Round "2"]
[White "Nijboer, Friso"]
[Black "Schut, Lisa"]
[Result "1-0"]
[ECO "B92"]
[WhiteElo "2567"]
[BlackElo "2267"]
[PlyCount "121"]
[EventDate "2010.05.21"]
[EventType "swiss"]
[EventRounds "7"]
[EventCountry "NED"]
[Source "P.Boonen"]
[SourceDate "2010.10.01"]
[TimeControl "60+4"]
[BlackClock "0:01:00"]

1. e4 c5 2. Nf3 d6 3. d4 cxd4 4. Nxd4 Nf6 5. Nc3 a6 6. Be2 e5 7. Nb3 Be7 8. O-O
O-O 9. Kh1 b6 10. Be3 Bb7 11. f3 b5 12. a4 b4 13. Nd5 Nxd5 14. exd5 Nd7 15. c4
bxc3 16. bxc3 Bg5 17. Bf2 Qc7 18. c4 a5 19. Nd2 f5 20. Nb1 Nc5 21. Nc3 Rfc8 22.
Qc2 Qd7 23. Rab1 Ba6 24. g4 fxg4 25. Bxc5 gxf3 26. Rxf3 dxc5 27. Rg1 Bf4 28.
Bd3 Rf8 29. Bxh7+ Kh8 30. Ne4 Bxc4 31. Qxc4 Kxh7 32. Nxc5 Qf5 33. Ne6 Rfc8 34.
Rxg7+ Kh8 35. Qf1 Qxe6 36. dxe6 Kxg7 37. Rxf4 exf4 38. Qxf4 Rf8 39. Qg5+ Kh7
40. e7 Rg8 41. Qf5+ Kh6 42. h4 Rab8 43. h5 Rbe8 44. Qd5 Kg7 45. Qe6 Kh7 46. h6
Rc8 47. Kh2 Rc2+ 48. Kh3 Rc3+ 49. Kh4 Rcc8 50. Qa6 Ra8 51. Qf6 Rac8 52. Qe6 Kh8
53. Qf7 Rb8 54. Qf6+ Kh7 55. Kh5 Rbc8 56. Qe5 Ra8 57. Qf5+ Kh8 58. Qc5 Kh7 59.
Qe5 Rae8 60. Qf5+ Kh8 61. h7 1-0

[Event "ENCI Limburg-open A"]
[Site "Maastricht"]
[Date "2010.05.23"]
[Round "4"]
[White "Brandenburg, Daan"]
[Black "Admiraal, Miguoel"]
[Result "1-0"]
[ECO "B22"]
[WhiteElo "2503"]
[BlackElo "2202"]
[PlyCount "75"]
[EventDate "2010.05.21"]
[EventType "swiss"]
[EventRounds "7"]
[EventCountry "NED"]
[Source "P.Boonen"]
[SourceDate "2010.10.01"]
[TimeControl "60+7"]
[WhiteClock "0:00:07"]
[BlackClock "0:00:00"]

1. e4 c5 2. c3 Nf6 3. e5 Nd5 4. Nf3 e6 5. Bc4 d6 6. d4 cxd4 7. cxd4 Nb6 8. Bd3
Nc6 9. O-O Nb4 10. Be2 dxe5 11. Nxe5 Bd7 12. Nc3 Bc6 13. a3 N4d5 14. Nxc6 bxc6
15. Ne4 Be7 16. Qc2 O-O 17. Qxc6 Rc8 18. Qb5 Nf6 19. Qd3 Rc7 20. Bf4 Rd7 21.
Be5 Nxe4 22. Qxe4 Rd5 23. Bf3 Bf6 24. Qc2 Rd7 25. Bc6 Bxe5 26. Bxd7 Bxd4 27.
Bb5 Nd5 28. Bd3 g6 29. Be4 Nf4 30. Rad1 e5 31. g3 Ne6 32. b4 Kg7 33. Qc4 h5 34.
Kg2 h4 35. f4 exf4 36. Bd5 h3+ 37. Kh1 fxg3 38. hxg3 1-0

[Event "ENCI Limburg-open A"]
[Site "Maastricht"]
[Date "2010.05.23"]
[Round "4"]
[White "Ducarmon, Quinten"]
[Black "Berg, Emanuel"]
[Result "0-1"]
[ECO "B42"]
[WhiteElo "2203"]
[BlackElo "2616"]
[PlyCount "62"]
[EventDate "2010.05.21"]
[EventType "swiss"]
[EventRounds "7"]
[EventCountry "NED"]
[Source "P.Boonen"]
[SourceDate "2010.10.01"]
[TimeControl "60+4"]
[WhiteClock "0:00:03"]
[BlackClock "0:00:12"]

1. e4 c5 2. Nf3 e6 3. d4 cxd4 4. Nxd4 a6 5. Nc3 Qc7 6. Bd3 Nf6 7. O-O d6 8. Qe2
Nbd7 9. Bd2 g6 10. a4 b6 11. Bc4 Ne5 12. Bb3 Bg7 13. Kh1 O-O 14. f4 Nc6 15.
Nxc6 Qxc6 16. f5 exf5 17. Bg5 Ra7 18. exf5 Bxf5 19. Rxf5 gxf5 20. Bxf6 Bxf6 21.
Nd5 Bxb2 22. Rf1 Be5 23. Rxf5 Kh8 24. c4 f6 25. g3 Qc5 26. Bc2 b5 27. Qf3 Qxc4
28. Be4 bxa4 29. Rh5 a3 30. Qf5 Qxe4+ 31. Qxe4 a2 0-1

[Event "ENCI Limburg-open A"]
[Site "Maastricht"]
[Date "2010.05.23"]
[Round "4"]
[White "Pietersma, Menno"]
[Black "Henrichs, Thomas"]
[Result "0-1"]
[ECO "A43"]
[WhiteElo "2225"]
[BlackElo "2482"]
[PlyCount "75"]
[EventDate "2010.05.21"]
[EventType "swiss"]
[EventRounds "7"]
[EventCountry "NED"]
[Source "P.Boonen"]
[SourceDate "2010.10.01"]
[TimeControl "60+6"]
[WhiteClock "0:00:00"]
[BlackClock "0:00:04"]

1. d4 e6 2. c4 c5 3. dxc5 Bxc5 4. Nc3 Nf6 5. e4 Nc6 6. Bf4 O-O 7. e5 Qc7 8. Nb5
Qb8 9. Qe2 a6 10. Nc3 Ne8 11. Nh3 Bd4 12. O-O-O b5 13. cxb5 axb5 14. Qxb5 Qa7
15. Bd3 Nc7 16. Bxh7+ Kh8 17. Qe2 g6 18. Rxd4 Nxd4 19. Qg4 Nf5 20. Bxg6 fxg6
21. Qxg6 Ne8 22. Ng5 d5 23. exd6 Qg7 24. Be5 Nf6 25. Qxg7+ Nxg7 26. Rd1 Bd7 27.
Rd3 Kg8 28. Nce4 Nfe8 29. Nc5 Ra7 30. Rg3 Rxf2 31. Bxg7 Nxg7 32. Ngxe6 Bxe6 33.
Nxe6 Rf6 34. Nxg7 Rxg7 35. Rxg7+ Kxg7 36. Kc2 Rxd6 37. b4 Rg6 38. a4 0-1

[Event "ENCI Limburg-open A"]
[Site "Maastricht"]
[Date "2010.05.23"]
[Round "4"]
[White "Swinkels, Robin"]
[Black "Hamblok, Roel"]
[Result "1-0"]
[ECO "E11"]
[WhiteElo "2493"]
[BlackElo "2145"]
[PlyCount "73"]
[EventDate "2010.05.21"]
[EventType "swiss"]
[EventRounds "7"]
[EventCountry "NED"]
[Source "P.Boonen"]
[SourceDate "2010.10.01"]
[TimeControl "60+2"]
[WhiteClock "0:00:05"]
[BlackClock "0:00:14"]

1. d4 Nf6 2. c4 e6 3. g3 Bb4+ 4. Bd2 Qe7 5. Nf3 O-O 6. Bg2 Bxd2+ 7. Qxd2 d6 8.
Nc3 e5 9. O-O Nc6 10. Nd5 Nxd5 11. cxd5 Nxd4 12. Nxd4 exd4 13. Rac1 Bf5 14.
Qxd4 Qxe2 15. Rxc7 Qa6 16. Qb4 Rab8 17. Re1 Rfc8 18. Bf1 Qb6 19. Qxb6 axb6 20.
Ree7 Rxc7 21. Rxc7 Kf8 22. a4 Be4 23. Bg2 Bf5 24. Bf1 Be4 25. Bg2 Bf5 26. h3
Ke8 27. Bf1 h5 28. f3 Rc8 29. Rxb7 Rc1 30. Kf2 Rc2+ 31. Ke3 Rxb2 32. Bb5+ Kf8
33. g4 hxg4 34. hxg4 Rb3+ 35. Kd2 Bg6 36. f4 Be4 37. Rb8+ 1-0